 Dungeon Crawl Stone Soup version 0.29-a0-495-g17b79114eb (webtiles) character file.

Game seed: 16046627512217308931

2564 Hubjo the Firebug (level 9, -8/52 HPs)
             Began as a Deep Elf Fire Elementalist on May 27, 2022.
             Was a Believer of Sif Muna.
             Mangled by an ice beast (16 damage)
             ... on level 6 of the Dungeon.
             The game lasted 00:22:50 (10671 turns).

Hubjo the Firebug (Deep Elf Fire Elementalist)     Turns: 10671, Time: 00:22:53

Health: -8/52      AC: 11    Str:  4 (5)  XL:     9   Next: 31%
Magic:  6/22       EV: 12    Int: 23 (25) God:    Sif Muna [**....]
Gold:   1061       SH:  0    Dex: 14 (15) Spells: 14/23 levels left

rFire   + . .      SeeInvis .   K - +3 woodcutter's axe {vorpal}
rCold   x . .      Faith    .   (shield currently unavailable)
rNeg    . . .      Spirit   .   c - +2 robe {Archmagi}
rPois   .          Reflect  .   (helmet restricted)
rElec   .          Harm     .   D - +0 cloak
rCorr   .          Rampage  .   (no gloves)
Will    .....      Archmagi +   (no boots)
Stlth   ++++......              (no amulet)
HPRegen 0.17/turn               H - +4 ring of protection
MPRegen 0.18/turn               w - ring of fire

@: no status effects
A: beak, iridescent scales 1, MP-powered wands
a: Renounce Religion, Channel Magic


You were on level 6 of the Dungeon.
You worshipped Sif Muna.
Sif Muna was pleased with you.
You visited 2 branches of the dungeon, and saw 7 of its levels.
You also visited: Ossuary.

You collected 1164 gold pieces.
You donated 103 gold pieces to Zin.

Inventory:

Hand Weapons
 I - a +1 whip of freezing
 K - the +3 woodcutter's axe (weapon) {vorpal}
   (You took it off a gnoll on level 5 of the Dungeon)

   It inflicts extra damage upon your enemies.
Missiles
 s - 4 throwing nets
Armour
 a - a +0 robe
 c - a +2 robe of the Archmagi (worn)
 k - an orb of guile
 l - a +2 helmet
 x - a +0 troll leather armour {Pargi}
 D - a +0 cloak (worn)
Jewellery
 t - a ring of positive energy
 w - a ring of fire (right hand)
 C - a ring of see invisible
 H - a +4 ring of protection (left hand)
Wands
 o - a wand of iceblast (8)
 q - a wand of mindburst (13)
 z - a wand of flame (16)
Scrolls
 e - 2 scrolls of immolation
 g - 2 scrolls of amnesia
 h - 2 scrolls of enchant armour
 m - 2 scrolls of noise
 p - a scroll of enchant weapon
 u - 2 scrolls of magic mapping
 y - a scroll of silence {unknown}
 E - a scroll of vulnerability {unknown}
 G - a scroll of fog
 J - a scroll of torment {unknown}
Potions
 b - a potion of magic
 d - 2 potions of flight
 f - 5 potions of haste
 i - 3 potions of heal wounds {unknown}
 j - 3 potions of ambrosia {unknown}
 n - 3 potions of curing
 v - 3 potions of attraction


   Skills:
 + Level 4.7 Fighting
 - Level 2.4 Dodging
 + Level 7.4 Stealth
 + Level 7.7 Spellcasting
 - Level 1.1 Conjurations
 * Level 3.4 Summonings
 - Level 7.9 Fire Magic
 * Level 3.1 Air Magic


You had 14 spell levels left.
You knew the following spells:

 Your Spells              Type           Power      Damage    Failure   Level
a - Foxfire               Conj/Fire      100%       2x1d9     1%          1
b - Flame Wave            Conj/Fire      61%        2d12      11%         4
c - Summon Lightning Spi  Summ/Air       36%        N/A       19%         4

Your spell library contained the following spells:

 Spells                   Type           Power      Damage    Failure   Level
 Scorch                   Fire           100%       2d10      1%          2
 Conjure Flame            Conj/Fire      61%        6-21      3%          3
 Inner Flame              Hex/Fire       57%        N/A       4%          3
 Ignite Poison            Fire/Tmut/Pois 47%        N/A       8%          3
 Mephitic Cloud           Conj/Pois/Air  23%        N/A       12%         3
 Freezing Cloud           Conj/Ice/Air   11%        6-21      73%         5
 Simulacrum               Ice/Necr       6%         N/A       100%        6
 Storm Form               Tmut/Air       12%        N/A       100%        7
 Maxwell's Capacitive Co  Air            17%        ∞         100%        8
 Polar Vortex             Ice            6%         N/A       100%        9


Dungeon Overview and Level Annotations

Branches:
Dungeon (6/15)             Temple (1/1) D:4         Ossuary (visited)

Altars:
Ashenzari
Cheibriados
Elyvilon
Fedhas
Gozag
Kikubaaqudgha
Makhleb
Okawaru
Qazlal
Sif Muna
Uskayaw
Vehumet
Yredelemnul
Zin
The Shining One
Lugonu


Innate Abilities, Weirdness & Mutations

You have a beak for a mouth.
You are partially covered in iridescent scales. (AC +2)
You expend magic power (3 MP) to strengthen your wands.


Message History

The ice beast is lightly wounded.
The foxfire hits something but does no damage.
The foxfire hits something. x2
You feel a strong surge of power!
You conjure some foxfire!
The foxfire hits something.
The foxfire hits the ice beast.
The ice beast melts!
The ice beast is moderately wounded.
You feel a strong surge of power!
You conjure some foxfire!
The foxfire hits the orc.
The orc is heavily wounded.
The foxfire hits something.
You feel a strong surge of power!
You conjure some foxfire!
The foxfire hits the ice beast!
The ice beast melts!
The ice beast is severely wounded.
The ice beast hits you. The ice beast freezes you!!
You feel a terrible chill! The orc closely misses you.
You feel a strong surge of power!
You conjure some foxfire!
The foxfire hits the ice beast but does no damage.
The ice beast is severely wounded.
The ice beast misses you. Something hits you but does no damage.
The orc hits you but does no damage.
You feel a strong surge of power!
You conjure some foxfire!
The foxfire hits the ice beast but does no damage.
The ice beast is severely wounded.
The ice beast hits you. The ice beast freezes you!!
You feel a terrible chill!
* * * LOW HITPOINT WARNING * * *
You hear some strange, mumbled words.
A magic dart appears from out of thin air!
The magic dart hits you but does no damage.
The orc closely misses you.
Casting: Foxfire (safe; 1% risk of failure)
Confirm with . or Enter, or press ? or * to list all spells.
The spell is quite dangerous to miscast (19% risk of failure)!
Continue anyway?
You feel a surge of power!
An electric hum fills the air.
The foxfire hits the ice beast.
The ice beast melts!
The ice beast is almost dead.
The ice beast hits you.
* * * LOW HITPOINT WARNING * * *
The ice beast freezes you!
You feel a terrible chill!
You die...

###############
#.............#
#.###########.##########
#.# ######..8.@{.)....
#.# #.........Yo..[.#.
#.#####.####..#.#####.#
........# #..#.#
#.#.#^######..#.####
#.#.#.####..........
#.............######
.............##
##>..#.####.##


You could see an ice beast (ally target), an orc and a friendly lightning spire
(summoned).

Vanquished Creatures
  Sigmund (D:3)
  Pargi (D:4)
  2 ice beasts
  A black bear (D:6)
  An ogre (D:5)
  A centaur (D:6)
  2 gnoll sergeants (D:5)
  A necrophage (D:4)
  7 scorpions
  3 gnoll shamans (D:5)
  2 orc priests
  A centaur zombie (Ossuary)
  A hound (D:6)
  2 jellies (D:5)
  5 human zombies (Ossuary)
  3 scorpion zombies (Ossuary)
  Ijyb (D:4)
  2 iguanas (D:5)
  2 orc wizards
  3 mummies (Ossuary)
  Robin (D:2)
  28 gnolls (D:5)
  5 adders
  2 worms
  4 dart slugs
  15 orcs
  4 ball pythons
  6 bats
  7 endoplasms
  5 giant cockroaches
  A gnoll zombie (Ossuary)
  11 goblins
  13 hobgoblins
  4 quokkas
  3 frilled lizards
  4 hobgoblin zombies (Ossuary)
  10 kobolds
  An orc zombie (Ossuary)
  5 rats
171 creatures vanquished.

Vanquished Creatures (collateral kills)
  An ogre (D:6)
  A phantom (D:6)
2 creatures vanquished.

Vanquished Creatures (others)
  1126 foxfires
1126 creatures vanquished.

Grand Total: 1299 creatures vanquished

Notes
Turn   | Place    | Note
-------+----------+-------------------------------------------
     0 | D:1      | Hubjo the Deep Elf Fire Elementalist began the quest for
                  | the Orb.
     0 | D:1      | Reached XP level 1. HP: 10/10 MP: 6/6
   460 | D:1      | Reached XP level 2. HP: 16/16 MP: 2/8
   888 | D:1      | Reached skill level 1 in Fighting
  1320 | D:1      | Reached XP level 3. HP: 20/20 MP: 1/9
  2524 | D:2      | Noticed Robin
  2529 | D:2      | Killed Robin
  2530 | D:2      | Reached XP level 4. HP: 26/26 MP: 3/11
  3747 | D:3      | Found a burning altar of Makhleb.
  3754 | D:3      | Found a glowing silver altar of Zin.
  3755 | D:3      | Noticed a blizzard demon
  3755 | D:3      | Noticed an angel
  3766 | D:3      | Became a worshipper of Zin the Law-Giver
  3766 | D:3      | Reached * piety under Zin
  3944 | D:3      | Reached XP level 5. HP: 22/30 MP: 4/13
  3949 | D:3      | Learned a level 4 spell: Flame Wave
  4053 | D:3      | Found a basalt altar of Yredelemnul.
  4055 | D:3      | Noticed Sigmund
  4067 | D:3      | Identified a scroll of acquirement
  4079 | D:3      | Zin protects you from harm!
  4081 | D:3      | Killed Sigmund
  4082 | D:3      | Reached XP level 6. HP: 7/36 MP: 4/15
  4438 | D:3      | Reached skill level 5 in Fire Magic
  4593 | D:3      | Acquired 856 gold pieces
  4596 | D:3      | Reached ** piety under Zin
  4596 | D:3      | Reached *** piety under Zin
  4732 | D:3      | Found a faded altar of an unknown god.
  4771 | D:3      | You fall into a shaft and drop 1 floor!
  4786 | D:4      | Found a staircase to the Ecumenical Temple.
  4794 | D:4      | Found a radiant altar of Vehumet.
  4796 | Temple   | Entered the Ecumenical Temple
  4835 | Temple   | Fell from the grace of Zin
  4835 | Temple   | Became a worshipper of Sif Muna the Loreminder
  4874 | D:4      | Reached skill level 5 in Spellcasting
  5358 | D:3      | Found a hide-covered altar of Uskayaw.
  6040 | D:4      | Noticed Ijyb
  6061 | D:4      | Killed Ijyb
  6284 | D:4      | Noticed an ice beast
  6291 | D:4      | Killed an ice beast
  6292 | D:4      | Reached skill level 5 in Stealth
  6292 | D:4      | Reached XP level 7. HP: 41/41 MP: 9/16
  6297 | D:4      | Learned a level 4 spell: Summon Lightning Spire
  6657 | D:4      | Noticed Pargi
  6668 | D:4      | Killed Pargi
  6899 | D:5      | Entered Level 5 of the Dungeon
  6938 | D:5      | Found a sand-covered staircase.
  7147 | Ossuary  | Entered an ossuary
  7721 | Ossuary  | Reached XP level 8. HP: 47/47 MP: 12/19
  8126 | Ossuary  | Reached * piety under Sif Muna
  8363 | Ossuary  | Gained mutation: Your body sometimes deteriorates upon
                  | taking damage. [potion of mutation]
  8363 | Ossuary  | Gained mutation: You have very sharp teeth. [potion of
                  | mutation]
  8363 | Ossuary  | Gained mutation: Your body often deteriorates upon taking
                  | damage. [potion of mutation]
  8364 | Ossuary  | Lost mutation: You have very sharp teeth. [potion of
                  | mutation]
  8364 | Ossuary  | Lost mutation: Your body often deteriorates upon taking
                  | damage. [potion of mutation]
  8364 | Ossuary  | Lost mutation: Your body sometimes deteriorates upon taking
                  | damage. [potion of mutation]
  8364 | Ossuary  | Gained mutation: You expend magic power (3 MP) to
                  | strengthen your wands. [potion of mutation]
  8364 | Ossuary  | Gained mutation: You are partially covered in iridescent
                  | scales. (AC +2) [potion of mutation]
  8364 | Ossuary  | Gained mutation: You have a beak for a mouth. [potion of
                  | mutation]
  8650 | D:5      | Found a stormy altar of Qazlal.
  9260 | D:5      | Reached skill level 1 in Summonings
  9260 | D:5      | Reached skill level 1 in Air Magic
  9369 | D:5      | Reached ** piety under Sif Muna
  9559 | D:5      | Reached XP level 9. HP: 49/52 MP: 6/22
 10088 | D:6      | Found a glowing golden altar of the Shining One.
 10671 | D:6      | Mangled by an ice beast

Illustrated notes

Levels and vault maps discovered:
D:1:      saegor_arrival_simple_e, layout_loops_corners
D:2:      layout_rooms, nicolae_concentric_dashed_squares_wild,
          grunt_ministairs_2, st_stairs_7, minmay_domino_4, uniq_robin
D:3:      layout_basic, grunt_temple_overflow_order_and_chaos_2,
          nicolae_uskayaw_suspiria, mainiacjoe_overflow_surrounded_room,
          shapermc_ecumenical_altar_acropolis, uniq_sigmund
D:4:      layout_basic, fiery_altar_vehumet, minmay_temple_entry_mist,
          grunt_ministairs_8, uniq_ijyb, uniq_pargi
D:5:      layout_basic, amcnicky_altar_gilded, chequers_ossuary_entry_cave,
          pf_guarded_unrand_woodcutter
D:6:      layout_loops_ring, lemuel_crystal_altar, nemelex_dance_club_becter,
          minmay_misc_feat_ornament
Temple:   corrupted_temple

Skill      XL: |  1  2  3  4  5  6  7  8  9 |
---------------+----------------------------+-----
Fighting       | 1 2 3 4 |  4.7
Stealth        | 3 4 5 7 |  7.4
Spellcasting   | 4 5 6 7 |  7.7
Fire Magic     | 4 5 6 7 |  7.9
Summonings     | 2 3 |  3.4
Air Magic      | 2 3 |  3.1
Dodging        | |  2.4
Conjurations   | |  1.1

Action                   |  1- 3 |  4- 6 |  7- 9 || total
-------------------------+-------+-------+-------++-------
Melee: Unarmed           |       |     3 |       ||     3
 Cast: Foxfire           |   149 |   191 |   361 ||   701
       Flame Wave        |       |       |     5 ||     5
       Summon Lightning  |       |       |     4 ||     4
  Use: Scroll            |     3 |     7 |     5 ||    15
       Potion            |       |     1 |     7 ||     8
Armor: Robe              |     5 |     5 |    27 ||    37
Dodge: Dodged            |    12 |    17 |    44 ||    73

Table legend: (Time is in decaauts)
 A = Elapsed time spent in this place.
 B = Non-inter-level travel time spent in this place.
 C = Inter-level travel time spent in this place.
 D = Time resting spent in this place.
 E = Time spent auto-exploring this place.
 F = Levels seen in this place.
 G = Mean time per level.
                   A        B        C        D        E       F      G
               +--------+--------+--------+--------+--------+-----+--------+
         Total |  10681 |  10309 |    372 |   1078 |   7871 |   8 | 1335.1 |
       Dungeon |   9408 |   9043 |    365 |   1078 |   6882 |   6 | 1568.0 |
        Temple |     55 |     48 |      7 |      0 |     21 |   1 |   55.0 |
       Ossuary |   1217 |   1217 |      0 |      0 |    968 |   1 | 1217.0 |
               +--------+--------+--------+--------+--------+-----+--------+

Top non-repeatable levels by time:
     D:1: 2244 daAuts
     D:3: 2157 daAuts
     D:5: 1964 daAuts
     D:4: 1240 daAuts
 Ossuary: 1217 daAuts
     D:2: 1206 daAuts
     D:6: 595 daAuts
  Temple: 55 daAuts
